 Dungeon Crawl Stone Soup version 0.28-a0-406-g4bac719ec2 (webtiles) character file.

Game seed: 10228738358181461728

658 Decipherer the Cudgeller (level 7, 0/63 HPs)
             Began as a Minotaur Berserker on Sept 5, 2021.
             Was a Priest of Trog.
             Slain by a two-headed ogre (28 damage)
             ... on level 5 of the Dungeon.
             The game lasted 00:03:13 (4126 turns).

Decipherer the Cudgeller (Minotaur Berserker)       Turns: 4126, Time: 00:03:14

Health: 0/63       AC:  8    Str: 22    XL:     7   Next: 29%
Magic:  6/6        EV: 11    Int:  4    God:    Trog [***...]
Gold:   311        SH:  0    Dex: 11    Spells: 6/6 levels left

rFire   . . .      SeeInvis .   a - +0 mace
rCold   + . .      Faith    .   (no shield)
rNeg    . . .      Spirit   .   c - +0 scale mail {rC+}
rPois   .          Reflect  .   (helmet restricted)
rElec   .          Harm     .   (no cloak)
rCorr   .          Rampage  .   g - +0 pair of gloves
Will    +....                   (no boots)
Stlth   ..........              (no amulet)
HPRegen 0.20/turn               d - ring of willpower
MPRegen 0.10/turn               (no ring)

@: no status effects
A: horns 2, retaliatory headbutt
a: Renounce Religion, Berserk, Trog's Hand


You were on level 5 of the Dungeon.
You worshipped Trog.
Trog was most pleased with you.
You visited 1 branch of the dungeon, and saw 5 of its levels.

You collected 311 gold pieces.

Inventory:

Hand Weapons
 a - a +0 mace (weapon)
 s - the +8 dagger of Gaafafepn {venom, +Rage rC++ Str-4 SInv}
   (You found it on level 4 of the Dungeon)

   It poisons the flesh of those it strikes.
   Str:       It affects your strength (-4).
   rC:        It greatly protects you from cold.
   SInv:      It lets you see invisible.
   +Rage:     It lets you go berserk.
Armour
 c - a +0 scale mail of cold resistance (worn)
 g - a +0 pair of gloves (worn)
Jewellery
 d - a ring of willpower (left hand)
Wands
 n - a wand of charming (2)
Scrolls
 b - 2 scrolls of immolation {unknown}
 e - 2 scrolls of amnesia {unknown}
 f - a scroll of enchant weapon {unknown}
 i - a scroll of summoning {unknown}
 l - 2 scrolls of identify {unknown}
 p - a scroll of fog {unknown}
 q - a scroll of silence {unknown}
 r - a scroll of enchant armour {unknown}
Potions
 h - a potion of degeneration {unknown}
 j - a potion of attraction {unknown}
 k - a potion of curing {unknown}
 m - a potion of experience {unknown}
 o - a potion of flight


   Skills:
 + Level 6.0 Fighting
 + Level 6.8 Maces & Flails
 + Level 4.3 Armour
 + Level 4.2 Dodging
 + Level 1.3 Stealth


You had 6 spell levels left.
You didn't know any spells.
Your spell library contained the following spells:

 Spells                   Type           Power      Damage    Failure   Level
 Sting                    Tmut/Pois      0%         1d3       82%         1
 Poisonous Vapours        Pois/Air       0%         N/A       91%         2
 Olgreb's Toxic Radiance  Pois           0%         N/A       100%        4


Dungeon Overview and Level Annotations

Branches:
Dungeon (5/15)             Temple (0/1) D:4

Altars:
Ashenzari
Cheibriados
Elyvilon
Fedhas
Makhleb
Okawaru
Uskayaw


Innate Abilities, Weirdness & Mutations

You have a pair of horns on your head.
You reflexively headbutt those who attack you in melee.


Message History

The hound is moderately wounded.
The hound misses you. You furiously retaliate!
You headbutt the hound!
You kill the hound!
Trog accepts your kill. The adder bites you but does no damage.
Unknown command.
There are monsters nearby!
You hit the adder.
The adder is moderately wounded.
The adder bites you but does no damage. x2
Unknown command.
There are monsters nearby!
You barely miss the adder. Your headbutt misses the adder.
The adder is moderately wounded.
The adder completely misses you. The two-headed ogre barely misses you.
You furiously retaliate!
You headbutt the two-headed ogre!
The two-headed ogre hits you with a +0 giant club.
Unknown command.
There are monsters nearby!
You barely miss the adder.
The adder is moderately wounded.
You hear a distant slurping noise.
The adder barely misses you.
Unknown command.
There are monsters nearby!
You hit the adder. Your headbutt misses the adder.
The adder is almost dead.
The adder bites you. The two-headed ogre barely misses you.
The two-headed ogre closely misses you. The adder barely misses you.
You furiously retaliate!
You headbutt the adder.
You kill the adder!
Trog accepts your kill.
Unknown command.
There are monsters nearby!
You hit the two-headed ogre but do no damage.
The two-headed ogre is lightly wounded.
The two-headed ogre hits you with a +0 giant spiked club!!
Ouch! That really hurt!
The two-headed ogre hits you with a +0 giant club!!
You die...

......##..............
...#.##.#.>........#......
...
####..#........###......
....#.....#.......# .##<.#
. .......#.......# .. #.#
..#...........# .
##.........##
..###..........
........@.......
##...#..O.......
##..#.....##..# #P#
♣.lP...#... .P≈ ≈≈≈≈≈....
.≈ ≈≈≈≈≈.(....
≈≈≈≈≈P≈≈♣..#.
≈≈≈≈≈≈≈≈≈P.#.


You could see a two-headed ogre and an iguana.

Vanquished Creatures
  Sigmund (D:3)
  A wyvern (D:4)
  A black bear (D:5)
  A hound (D:5)
  Terence (D:2)
  An orc wizard (D:3)
  Ijyb (D:3)
  7 adders
  An adder skeleton (D:4)
  A worm (D:2)
  2 dart slugs
  5 orcs
  6 endoplasms
  2 giant cockroaches
  9 goblins
  9 hobgoblins
  5 jackals
  9 kobolds
  9 ball pythons
  6 bats
  3 frilled lizards
  2 rats
83 creatures vanquished.

Vanquished Creatures (others)
  7 plants
7 creatures vanquished.

Grand Total: 90 creatures vanquished

Notes
Turn   | Place    | Note
-------+----------+-------------------------------------------
     0 | D:1      | Decipherer the Minotaur Berserker began the quest for the
                  | Orb.
     0 | D:1      | Reached XP level 1. HP: 19/19 MP: 0/0
   317 | D:1      | Reached XP level 2. HP: 24/27 MP: 1/1
   739 | D:1      | Reached XP level 3. HP: 34/34 MP: 2/2
  1193 | D:2      | Reached ** piety under Trog
  1193 | D:2      | HP: 1/34 [ball python (3)]
  1199 | D:2      | Noticed Terence
  1207 | D:2      | HP: 2/51 [Terence (8)]
  1209 | D:2      | Killed Terence
  1210 | D:2      | Reached XP level 4. HP: 5/41 MP: 3/3
  1498 | D:2      | Reached skill level 5 in Fighting
  1736 | D:2      | Found a faded altar of an unknown god.
  1935 | D:2      | Found a broken altar of Ashenzari.
  2376 | D:3      | Reached skill level 5 in Maces & Flails
  2490 | D:3      | Reached XP level 5. HP: 43/48 MP: 4/4
  2529 | D:3      | Found a white marble altar of Elyvilon.
  2532 | D:3      | Found a blossoming altar of Fedhas.
  2535 | D:3      | Found a hide-covered altar of Uskayaw.
  2555 | D:3      | Noticed Ijyb
  2568 | D:3      | Killed Ijyb
  2695 | D:3      | Found a snail-covered altar of Cheibriados.
  2695 | D:3      | Noticed Sigmund
  2706 | D:3      | Killed Sigmund
  2707 | D:3      | Reached skill level 1 in Stealth
  2707 | D:3      | Reached XP level 6. HP: 56/56 MP: 5/5
  3289 | D:4      | Found a staircase to the Ecumenical Temple.
  3318 | D:4      | Noticed a wyvern
  3326 | D:4      | Killed a wyvern
  3326 | D:4      | Reached *** piety under Trog
  3327 | D:4      | Reached XP level 7. HP: 7/62 MP: 6/6
  3582 | D:4      | Found a burning altar of Makhleb.
  3582 | D:4      | Found an iron altar of Okawaru.
  3677 | D:4      | Identified the +8 dagger of Gaafafepn {venom, +Rage rC++
                  | Str-4 SInv}
  3983 | D:5      | Entered Level 5 of the Dungeon
  4118 | D:5      | Noticed a two-headed ogre
  4126 | D:5      | Slain by a two-headed ogre

Illustrated notes

Levels and vault maps discovered:
D:1:      dpeg_arrival_arbitrary_c, layout_basic
D:2:      layout_rooms, basic_altar, ebering_ecumenical_altar_mist,
          minmay_misc_feat_pillars, uniq_terence
D:3:      layout_basic, grunt_temple_overflow_cloverleaf, serial_bayou_pond_a,
          uniq_ijyb, uniq_sigmund
D:4:      layout_layer_cave, mainiacjoe_overflow_large_starburst,
          minmay_temple_entry_gardened_gates, chequers_avenue
D:5:      minmay_chambers_of_threes, layout_cave_pools, serial_bayou,
          serial_bayou_pond_b, serial_bayou_pond_b, serial_bayou_lagoon_a,
          serial_bayou_pond_b

Skill      XL: |  1  2  3  4  5  6  7 |
---------------+----------------------+-----
Fighting       | 4 5 6 |  6.0
Maces & Flails | 4 5 6 |  6.8
Dodging        | 3 4 |  4.2
Armour         | 3 4 |  4.3
Stealth        | 1 |  1.3

Action                   |  1- 3 |  4- 6 |  7- 9 || total
-------------------------+-------+-------+-------++-------
Melee: Mace              |    64 |    85 |    17 ||   166
       Headbutt          |     6 |    17 |     4 ||    27
Invok: Berserk           |     3 |     3 |     1 ||     7
       Trog's Hand       |     1 |       |     1 ||     2
  Use: Potion            |     2 |       |       ||     2
Armor: Animal skin       |    27 |     2 |       ||    29
       Scale mail        |       |    20 |     5 ||    25
Dodge: Dodged            |    71 |    46 |    11 ||   128

Table legend: (Time is in decaauts)
 A = Elapsed time spent in this place.
 B = Non-inter-level travel time spent in this place.
 C = Inter-level travel time spent in this place.
 D = Time resting spent in this place.
 E = Time spent auto-exploring this place.
 F = Levels seen in this place.
 G = Mean time per level.
                   A        B        C        D        E       F      G
               +--------+--------+--------+--------+--------+-----+--------+
         Total |   4221 |   4181 |     40 |      0 |   3615 |   5 |  844.2 |
       Dungeon |   4221 |   4181 |     40 |      0 |   3615 |   5 |  844.2 |
               +--------+--------+--------+--------+--------+-----+--------+

Top non-repeatable levels by time:
     D:1: 1086 daAuts
     D:3: 1042 daAuts
     D:2: 978 daAuts
     D:4: 963 daAuts
     D:5: 150 daAuts
